 Seeded DCSS version 0.31-a0-544-gceb718ecc6 (webtiles) character file.

Game seed: 3826825538972431165 (custom seed)

112 innerfire43 the Poker (level 4, -1/37 HPs)
             Began as a Demonspawn Monk on Aug 15, 2023.
             Slain by a hobgoblin (6 damage)
             ... led by Robin
             ... on level 2 of the Dungeon.
             The game lasted 00:01:53 (1244 turns).

innerfire43 the Poker (Demonspawn Monk)             Turns: 1244, Time: 00:01:54

Health: -1/37      AC:  4    Str: 14    XL:     4   Next: 63%
Magic:  4/4        EV: 13    Int: 11    God:
Gold:   229        SH:  4    Dex: 15    Spells: 3/3 levels left

rFire   . . .        e - +2 bardiche (heavy)
rCold   . . .        (shield currently unavailable)
rNeg    . . .        b - +0 robe
rPois   .            (no helmet)
rElec   .            (no cloak)
rCorr   .            (no gloves)
SInv    .            (no boots)
Will    .....        (no amulet)
Stlth   +            (no ring)
HPRegen 0.26/turn    (no ring)
MPRegen 0.09/turn

%: no passive effects
@: no status effects
A: molten scales 1, condensation shield
a: no special abilities


You were on level 2 of the Dungeon.
You visited 1 branch of the dungeon, and saw 2 of its levels.

You collected 229 gold pieces.

Inventory:

Hand Weapons
 a - a +0 spear
 e - a +2 heavy bardiche (weapon)
Armour
 b - a +0 robe (worn)
 d - an orb of light
Jewellery
 q - a ring of protection from cold
Scrolls
 f - 2 scrolls of vulnerability {unknown}
 g - a scroll of amnesia {unknown}
 h - a scroll of brand weapon {unknown}
 j - 2 scrolls of identify {unknown}
 k - 3 scrolls of noise {unknown}
 o - a scroll of torment {unknown}
Potions
 i - 2 potions of mutation {unknown}
 l - a potion of enlightenment {unknown}
 m - a potion of curing {unknown}
 n - a potion of cancellation {unknown}
 p - a potion of brilliance {unknown}


   Skills:
 + Level 3.9 Fighting
 * Level 4.1 Polearms
 - Level 3.0 Dodging


You had 3 spell levels left.
You didn't know any spells.
Your spell library was empty.

Dungeon Overview and Level Annotations

Branches:
Dungeon (2/15)

Altars:


Innate Abilities, Weirdness & Mutations

You are partially covered in molten scales. (AC +2)
A meltable shield of frost defends you. (SH +4)


Message History

You block the goblin's attack. The goblin hits you with a +0 club.
* * * LOW HITPOINT WARNING * * *
You block the goblin's attack.
You slash the goblin!
You kill the goblin!
The goblin no longer looks unusually strong.
The goblin shoots a sling bullet.
The sling bullet misses you.
The sling bullet hits the goblin.
The goblin hits you with a +0 club.
* * * LOW HITPOINT WARNING * * *
Robin roars a battlecry!
The goblin goes into a battle-frenzy!
The goblin closely misses you.
You barely miss Robin.
The hobgoblin no longer looks unusually strong.
The goblin completely misses you.
Robin roars a battlecry!
The hobgoblin goes into a battle-frenzy!
The goblin closely misses you. The goblin misses you.
Unknown command.
You slice Robin!!
You kill Robin!
The goblin closely misses you.
The goblin shoots a sling bullet.
The sling bullet barely misses you.
The sling bullet hits the goblin.
The goblin dies!
Unknown command.
You hit the goblin.
The goblin is severely wounded.
The goblin no longer looks unusually strong.
You block the goblin's attack.
The goblin hits you but does no damage. x2
Unknown command.
You barely miss the goblin.
The goblin is heavily wounded.
The goblin hits you with a +0 dagger.
* * * LOW HITPOINT WARNING * * *
The goblin barely misses you.
Unknown command.
You slash the goblin!
You kill the goblin!
You block the hobgoblin's attack. The hobgoblin hits you.
You die...

#..........#.........#
#..........#.........#
####..........#.........#
#.............#.........###
#.............########....#
###.............###########..
..$.................##.....# #..
)..<..........g#######.....#####.
.......g...###gg@).........'....>
#.....###### ######........######
#...g. #........# #..g..
#.....#### #..g.. #....†# #.....#
#.....# #.....# #.....#


You could see 2 hobgoblins and a goblin (strong).

Vanquished Creatures
  Jessica (D:2)
  Robin (D:2)
  3 adders (D:2)
  A dart slug (D:1)
  4 bats
  6 endoplasms
  3 giant cockroaches (D:1)
  8 goblins
  3 hobgoblins
  2 jackals (D:2)
  2 kobolds (D:1)
  A quokka (D:2)
  2 ball pythons (D:1)
  A frilled lizard (D:1)
  4 rats (D:1)
42 creatures vanquished.

Vanquished Creatures (others)
  A goblin (D:2)
1 creature vanquished.

Grand Total: 43 creatures vanquished

Notes
Turn   | Place    | Note
-------+----------+-------------------------------------------
     0 | D:1      | innerfire43 the Demonspawn Monk began the quest for the
                  | Orb.
     0 | D:1      | Reached XP level 1. HP: 18/18 MP: 1/1
    60 | D:1      | Identified a scroll of acquirement
    60 | D:1      | Acquired a +2 heavy bardiche
   241 | D:1      | Gained mutation: A meltable shield of frost defends you.
                  | (SH +4) [demonic ancestry]
   241 | D:1      | Reached XP level 2. HP: 24/24 MP: 2/2
   242 | D:1      | Reached skill level 3 in Polearms
   742 | D:2      | Noticed Jessica
   744 | D:2      | Killed Jessica
   745 | D:2      | Gained mutation: You are partially covered in molten
                  | scales. (AC +2) [demonic ancestry]
   745 | D:2      | Reached XP level 3. HP: 24/29 MP: 3/3
   922 | D:2      | Reached XP level 4. HP: 37/37 MP: 4/4
  1135 | D:2      | Reached skill level 4 in Polearms
  1213 | D:2      | Noticed Robin
  1241 | D:2      | Killed Robin
  1244 | D:2      | Slain by a hobgoblin

Illustrated notes

Levels and vault maps discovered:
D:1:      roderic_crop_circles_arrival_large, layout_basic
D:2:      layout_basic, minmay_distorted, uniq_robin, uniq_jessica

Skill      XL: |  1  2  3  4 |
---------------+-------------+-----
Polearms       | 3 4 |  4.1
Dodging        | 3 |  3.0
Fighting       | |  3.9

Action                     |  1- 3 |  4- 6 || total
---------------------------+-------+-------++-------
  Melee: Bardiche          |    62 |    35 ||    97
         Spear             |    10 |       ||    10
    Use: Scroll            |     1 |       ||     1
         Potion            |       |     1 ||     1
   Stab: Sleeping          |     2 |     1 ||     3
 Armour: Robe              |    26 |    23 ||    49
  Dodge: Dodged            |    81 |    53 ||   134
  Block: Other             |    18 |    15 ||    33

Table legend: (Time is in decaauts)
 A = Elapsed time spent in this place.
 B = Non-inter-level travel time spent in this place.
 C = Inter-level travel time spent in this place.
 D = Time resting spent in this place.
 E = Time spent auto-exploring this place.
 F = Levels seen in this place.
 G = Mean time per level.
                   A        B        C        D        E       F      G
               +--------+--------+--------+--------+--------+-----+--------+
         Total |   1395 |   1382 |     13 |      0 |    981 |   2 |  697.5 |
       Dungeon |   1395 |   1382 |     13 |      0 |    981 |   2 |  697.5 |
               +--------+--------+--------+--------+--------+-----+--------+

Top non-repeatable levels by time:
     D:1: 823 daAuts
     D:2: 571 daAuts
